 Dungeon Crawl Stone Soup version 0.26-a0-651-gb41185065b (console) character file.

Game seed: 1399509457334370930

246 Ignak the Sneak (level 6, -2/44 HPs)
             Began as a Gnoll Enchanter on Sept 28, 2020.
             Slain by a gnoll
             ... wielding a +3 vorpal flail
              (3 damage)
             ... on level 3 of the Dungeon.
             The game lasted 00:09:49 (3802 turns).

Ignak the Sneak (Gnoll Enchanter)                   Turns: 3802, Time: 00:09:53

Health: -2/44      AC:  3    Str: 10    XL:     6   Next: 11%
Magic:  9/13       EV: 15    Int: 18    God:
Gold:   164        SH:  0    Dex: 17    Spells: 12/15 levels left

rFire    . . .     SeeInvis .   o - +2 spear (vamp)
rCold    . . .     Faith    .   (no shield)
rNeg     . . .     Spirit   .   b - +0 robe
rPois    .         Reflect  .   p - +0 helmet
rElec    .         Harm     .   (no cloak)
rCorr    .         Rampage  .   (no gloves)
MR       .....                  (no boots)
Stlth    +++.......             (no amulet)
HPRegen  0.14/turn              (no ring)
MPRegen  0.13/turn              (no ring)

@: no status effects
A: distributed training, fangs 1, strong nose
a: no special abilities


You were on level 3 of the Dungeon.
You visited 1 branch of the dungeon, and saw 3 of its levels.

You collected 164 gold pieces.

Inventory:

Hand Weapons
 a - a +1 dagger
 o - a +2 vampiric spear (weapon)
Missiles
 m - 10 poisoned darts (quivered)
Armour
 b - a +0 robe (worn)
 p - a +0 helmet (worn)
Jewellery
 q - an uncursed amulet of guardian spirit
Scrolls
 c - a scroll of blinking {unknown}
 d - a scroll of magic mapping {unknown}
 e - 2 scrolls of amnesia {unknown}
 f - 3 scrolls of identify {unknown}
 g - 7 scrolls of teleportation {unknown}
 i - 2 scrolls of remove curse {unknown}
 l - a scroll of random uselessness {unknown}
Potions
 h - a potion of haste {unknown}
 j - a potion of invisibility {unknown}
 k - a potion of curing {unknown}
 n - a potion of magic {unknown}
 r - a potion of ambrosia {unknown}


   Skills:
 + Level 1.8 Fighting
 + Level 3.1 Short Blades
 + Level 1.8 Long Blades
 + Level 1.8 Axes
 + Level 1.8 Maces & Flails
 + Level 1.8 Polearms
 + Level 1.8 Staves
 + Level 1.8 Slings
 + Level 1.8 Bows
 + Level 1.8 Crossbows
 + Level 1.8 Throwing
 + Level 1.8 Armour
 + Level 4.9 Dodging
 + Level 6.2 Stealth
 + Level 1.8 Shields
 + Level 1.8 Unarmed Combat
 + Level 5.3 Spellcasting
 + Level 1.4 Conjurations
 + Level 5.6 Hexes
 + Level 1.4 Summonings
 + Level 1.4 Necromancy
 + Level 1.4 Translocations
 + Level 1.4 Transmutations
 + Level 1.4 Fire Magic
 + Level 1.4 Ice Magic
 + Level 1.4 Air Magic
 + Level 1.4 Earth Magic
 + Level 1.4 Poison Magic
 + Level 2.0 Invocations
 + Level 1.8 Evocations


You had 12 spell levels left.
You knew the following spells:

 Your Spells              Type           Power        Failure   Level
a - Corona                Hex            ####...      1%          1
c - Ensorcelled Hibernat  Hex/Ice        ###...       4%          2

Your spell library contained the following spells:

 Spells                   Type           Power        Failure   Level
 Confusing Touch          Hex            ####....     3%          3
 Tukima's Dance           Hex            ####....     3%          3
 Dazzling Flash           Conj/Hex       ###...       9%          3


Dungeon Overview and Level Annotations

Branches:
Dungeon (3/15)

Altars:
Gozag


Innate Abilities, Weirdness & Mutations

Your experience applies equally to all skills.
You have very sharp teeth.
Your uncanny sense of smell can sniff out nearby items.


Message History

The gnoll hits you with a +3 vorpal flail!
You are too injured to fight recklessly!
You are too injured to fight recklessly!
Casting: Ensorcelled Hibernation (safe; 4% risk of failure)
Confirm with . or Enter, or press ? or * to list all spells.
Aiming: Ensorcelled Hibernation (safe; 4% risk of failure)
Press: ? - help, Shift-Dir - straight line, f - gnoll
Aim: a gnoll, wielding a +3 vorpal flail (lightly wounded, chance to defeat MR: 56%)
The gnoll resists with significant effort.
You feel sick.
You are no longer poisoned.
Casting: Ensorcelled Hibernation (safe; 4% risk of failure)
Confirm with . or Enter, or press ? or * to list all spells.
Aiming: Ensorcelled Hibernation (safe; 4% risk of failure)
Press: ? - help, Shift-Dir - straight line, f/p - gnoll
Aim: a gnoll, wielding a +3 vorpal flail (lightly wounded, chance to defeat MR: 56%)
The gnoll resists with significant effort.
The gnoll hits you with a +3 vorpal flail!
* * * LOW HITPOINT WARNING * * *
You die...

## ### #.# ###...
#####.# ....#
.....### #..#
......#.####..###
...........#....#####
######.#........@g..#
# #...........##..# #
#..#.#.#..### .# #
#..#.#....# #
#####.........#
......##.##...###
.#######.##....... .#
#.(......... ##
####.#.####.


You could see a gnoll.

Vanquished Creatures
  An ogre (D:1)
  An orc priest (D:3)
  Robin (D:2)
  5 adders
  2 worms
  2 leopard geckos
  5 orcs
  6 bats
  2 giant cockroaches
  17 goblins
  5 hobgoblins
  4 jackals (D:3)
  A quokka (D:1)
  5 frilled lizards
  2 kobolds
  4 rats
63 creatures vanquished.

Notes
Turn   | Place    | Note
-------+----------+-------------------------------------------
     0 | D:1      | Ignak the Gnoll Enchanter began the quest for the Orb.
     0 | D:1      | Reached XP level 1. HP: 13/13 MP: 6/6
     0 | D:1      | Noticed a minotaur zombie
   152 | D:1      | Reached XP level 2. HP: 10/19 MP: 5/7
   735 | D:1      | Learned a level 2 spell: Ensorcelled Hibernation
  1329 | D:1      | Reached XP level 3. HP: 25/25 MP: 1/9
  1413 | D:1      | Reached skill level 5 in Spellcasting
  1824 | D:2      | Reached skill level 6 in Stealth
  2027 | D:2      | Reached skill level 1 in Invocations
  2343 | D:2      | Reached skill level 1 in Fighting
  2343 | D:2      | Reached skill level 1 in Long Blades
  2343 | D:2      | Reached skill level 1 in Axes
  2343 | D:2      | Reached skill level 1 in Maces & Flails
  2343 | D:2      | Reached skill level 1 in Polearms
  2343 | D:2      | Reached skill level 1 in Staves
  2343 | D:2      | Reached skill level 1 in Slings
  2343 | D:2      | Reached skill level 1 in Bows
  2343 | D:2      | Reached skill level 1 in Crossbows
  2343 | D:2      | Reached skill level 1 in Throwing
  2343 | D:2      | Reached skill level 1 in Armour
  2343 | D:2      | Reached skill level 1 in Shields
  2343 | D:2      | Reached skill level 1 in Unarmed Combat
  2343 | D:2      | Reached skill level 1 in Evocations
  2359 | D:2      | Noticed an ogre
  2436 | D:1      | Killed an ogre
  2436 | D:1      | Reached skill level 1 in Conjurations
  2436 | D:1      | Reached skill level 1 in Summonings
  2436 | D:1      | Reached skill level 1 in Necromancy
  2436 | D:1      | Reached skill level 1 in Translocations
  2436 | D:1      | Reached skill level 1 in Transmutations
  2436 | D:1      | Reached skill level 1 in Fire Magic
  2436 | D:1      | Reached skill level 1 in Ice Magic
  2436 | D:1      | Reached skill level 1 in Air Magic
  2436 | D:1      | Reached skill level 1 in Earth Magic
  2436 | D:1      | Reached skill level 1 in Poison Magic
  2436 | D:1      | Reached XP level 4. HP: 22/32 MP: 6/11
  2436 | D:1      | Reached XP level 5. HP: 26/37 MP: 6/12
  2669 | D:2      | Found an opulent altar of Gozag.
  3049 | D:3      | Noticed Robin
  3471 | D:2      | Killed Robin
  3728 | D:3      | Reached XP level 6. HP: 44/44 MP: 13/13
  3802 | D:3      | HP: 1/44 [gnoll/+3 vorpal flail (12)]
  3802 | D:3      | Slain by a gnoll

Illustrated notes

Levels and vault maps discovered:
D:1:      shiori_arrival_whats_in_store_for_you, layout_basic
D:2:      layout_rooms, nicolae_overflow_hidden_temple, serial_rivers,
          chequers_serial_rivers_micro_a, chequers_serial_rivers_micro_d,
          chequers_serial_rivers_room_b, chequers_serial_rivers_large_b,
          chequers_serial_rivers_micro_c, chequers_serial_rivers_micro_a,
          minmay_split_cup_large
D:3:      layout_loops_ring, makhleb_altar_promises_db, uniq_grinder,
          uniq_sigmund, uniq_robin, uniq_ijyb

Skill      XL: |  1  2  3  4  5  6 |
---------------+-------------------+-----
Spellcasting   | 5 |  5.3
Stealth        | 6 |  6.2
Invocations    | 1 2 |  2.0
Fighting       | 1 |  1.8
Long Blades    | 1 |  1.8
Axes           | 1 |  1.8
Maces & Flails | 1 |  1.8
Polearms       | 1 |  1.8
Staves         | 1 |  1.8
Slings         | 1 |  1.8
Bows           | 1 |  1.8
Crossbows      | 1 |  1.8
Throwing       | 1 |  1.8
Armour         | 1 |  1.8
Shields        | 1 |  1.8
Unarmed Combat | 1 |  1.8
Evocations     | 1 |  1.8
Conjurations   | 1 |  1.4
Summonings     | 1 |  1.4
Necromancy     | 1 |  1.4
Translocations | 1 |  1.4
Transmutations | 1 |  1.4
Fire Magic     | 1 |  1.4
Ice Magic      | 1 |  1.4
Air Magic      | 1 |  1.4
Earth Magic    | 1 |  1.4
Poison Magic   | 1 |  1.4
Short Blades   | 3 |  3.1
Dodging        | |  4.9
Hexes          | |  5.6

Action                   |  1- 3 |  4- 6 || total
-------------------------+-------+-------++-------
Melee: Dagger            |    70 |    39 ||   109
       Spear             |       |    40 ||    40
       Bite              |       |     6 ||     6
 Cast: Corona            |    12 |       ||    12
       Ensorcelled Hiber |    31 |    30 ||    61
 Stab: Sleeping          |    21 |    14 ||    35
Armor: Robe              |    24 |     6 ||    30
Dodge: Dodged            |    98 |    88 ||   186

Table legend: (Time is in decaauts)
 A = Elapsed time spent in this place.
 B = Non-inter-level travel time spent in this place.
 C = Inter-level travel time spent in this place.
 D = Time resting spent in this place.
 E = Time spent auto-exploring this place.
 F = Levels seen in this place.
 G = Mean time per level.
                   A        B        C        D        E       F      G
               +--------+--------+--------+--------+--------+-----+--------+
         Total |   3823 |   3823 |      0 |   1229 |   1552 |   3 | 1274.3 |
       Dungeon |   3823 |   3823 |      0 |   1229 |   1552 |   3 | 1274.3 |
               +--------+--------+--------+--------+--------+-----+--------+

Top non-repeatable levels by time:
     D:1: 2070 daAuts
     D:2: 1556 daAuts
     D:3: 196 daAuts
